 Dungeon Crawl Stone Soup version 0.27.1-2-g3b301248ec (webtiles) character file.

Game seed: 5888164287313525992

29852 raph the Arsonist (level 13, -10/75 HPs)
             Began as a Deep Elf Fire Elementalist on Sept 25, 2021.
             Was a Priest of Kikubaaqudgha.
             Mangled by a komodo dragon (22 damage)
             ... on level 4 of the Lair of Beasts.
             The game lasted 00:46:09 (20170 turns).

raph the Arsonist (Deep Elf Fire Elementalist)     Turns: 20170, Time: 00:46:10

Health: -10/75     AC: 13    Str:  6    XL:     13   Next: 17%
Magic:  5/29       EV: 17    Int: 31    God:    Kikubaaqudgha [***...]
Gold:   475        SH:  7    Dex: 15    Spells: 1/33 levels left

rFire    . . .     SeeInvis +   J - +7 broad axe "Sin Myetid" {spect, Will+}
rCold    + . .     Faith    .   z - +2 buckler
rNeg     . . .     Spirit   .   n - +2 robe {Will+}
rPois    .         Reflect  .   D - +1 helmet
rElec    .         Harm     .   d - +1 cloak
rCorr    .         Rampage  .   (no gloves)
Will     +++..                  G - +0 pair of boots
Stlth    +++++.....             o - amulet of regeneration
HPRegen  1.22/turn              f - +4 ring of protection
MPRegen  0.21/turn              y - ring "Imap" {rC+ Int+6 SInv Stlth+}

@: spiked
A: no striking features
a: Renounce Religion, Receive Corpses


You were on level 4 of the Lair of Beasts.
You worshipped Kikubaaqudgha.
Kikubaaqudgha was most pleased with you.
You visited 3 branches of the dungeon, and saw 15 of its levels.

You collected 778 gold pieces.
You spent 303 gold pieces at shops.

Inventory:

Hand Weapons
 b - a +0 short sword
 h - a +0 dagger of protection
 l - a +2 dagger of speed
 H - a +4 dagger
 J - the +7 broad axe "Sin Myetid" (weapon) {spect, Will+}
   (You found it on level 10 of the Dungeon)

   When its wielder attacks, the weapon's spirit leaps out and strikes again.
   The spirit shares a part of any damage it takes with its wielder.
   Will:      It increases your willpower.
 N - a +1 war axe of flaming
Missiles
 c - 15 boomerangs
Armour
 d - a +1 cloak (worn)
 n - a +2 robe of willpower (worn)
 z - a +2 buckler (worn)
 D - a +1 helmet (worn)
 G - a +0 pair of boots (worn)
Magical Staves
 P - a staff of earth
Jewellery
 e - a +6 ring of strength
 f - a +4 ring of protection (left hand)
 m - a ring of willpower
 o - an amulet of regeneration (around neck)
 y - the ring "Imap" (right hand) {rC+ Int+6 SInv Stlth+}
   (You found it on level 7 of the Dungeon)

   [ring of intelligence]

   Int:       It affects your intelligence (+6).
   rC:        It protects you from cold.
   SInv:      It lets you see invisible.
   Stlth:     It makes you more stealthy.
 C - a ring of wizardry
 I - a ring of protection from fire
 L - a ring of wizardry
Wands
 a - a wand of acid (5)
 q - a wand of flame (42)
 u - a wand of mindburst (17)
 F - a wand of polymorph (11)
Scrolls
 i - 5 scrolls of identify
 v - 2 scrolls of teleportation
 A - a scroll of blinking
 B - 2 scrolls of silence
 E - 2 scrolls of fear
 K - 2 scrolls of enchant weapon
 O - a scroll of magic mapping
Potions
 g - a potion of cancellation
 j - 2 potions of haste
 k - 3 potions of brilliance
 p - 5 potions of attraction
 r - 2 potions of berserk rage
 s - 2 potions of curing
 t - 14 potions of ambrosia
 w - 2 potions of lignification
 x - a potion of invisibility
 M - a potion of magic


   Skills:
 + Level 6.5 Fighting
 + Level 9.8 Dodging
 - Level 7.3 Stealth
 - Level 4.0 Shields
 + Level 10.7 Spellcasting
 - Level 11.5 Conjurations
 * Level 7.8 Necromancy
 + Level 12.1 Fire Magic
 * Level 2.1 Earth Magic


You had one spell level left.
You knew the following spells:

 Your Spells              Type           Power      Damage    Failure   Level
a - Foxfire               Conj/Fire      100%       2x1d9     1%          1
b - Conjure Flame         Conj/Fire      74%        6-21      1%          3
c - Sticky Flame          Conj/Fire      74%        2d9       1%          4
d - Fireball              Conj/Fire      37%        3d15      1%          5
e - Mephitic Cloud        Conj/Pois/Air  40%        N/A       1%          3
f - Sublimation of Blood  Necr           30%        N/A       1%          2
g - Vampiric Draining     Necr           30%        2d10      1%          3
h - Bolt of Magma         Conj/Fire/Erth 31%        4d14      2%          5
i - Animate Skeleton      Necr           100%       N/A       1%          1
j - Borgnjor's Vile Clut  Necr/Erth      23%        N/A       11%         5

Your spell library contained the following spells:

 Spells                   Type           Power      Damage    Failure   Level
 Pain                     Necr           100%       1d9       1%          1
 Ignite Poison            Fire/Tmut/Pois 41%        N/A       1%          3
 Inner Flame              Hex/Fire       53%        N/A       1%          3
 Animate Dead             Necr           30%        N/A       1%          4
 Dispel Undead            Necr           60%        3d21      1%          4
 Excruciating Wounds      Necr           30%        N/A       3%          5
 Slow                     Hex            16%        N/A       4%          2
 Confusing Touch          Hex            16%        N/A       9%          3
 Gell's Gravitas          Tloc           8%         N/A       9%          3
 Lesser Beckoning         Tloc           8%         N/A       9%          3
 Teleport Other           Tloc           16%        N/A       9%          3
 Tukima's Dance           Hex            16%        N/A       9%          3
 Death Channel            Necr           30%        N/A       19%         6
 Passage of Golubria      Tloc           N/A        N/A       30%         4
 Yara's Violent Unravell  Hex/Tmut       8%         3d5       63%         5


Dungeon Overview and Level Annotations

Branches:
Dungeon (10/15)            Temple (1/1) D:7            Lair (4/6) D:10
  Snake (0/4) Lair:3          Orc (0/2) D:10
  Swamp: Lair:2-4    Shoals: Lair:2-4

Altars:
Ashenzari
Cheibriados
Elyvilon
Fedhas
Gozag
Hepliaklqana
Kikubaaqudgha
Makhleb
Nemelex Xobeh
Okawaru
Qazlal
Ru
Sif Muna
Trog
Uskayaw
Vehumet
Wu Jian
Xom
Yredelemnul
Zin
The Shining One
Beogh

Shops:
D:3 !(   D:5 *   D:7 [

Annotations:
D:5 Millie's ghost, novice MiFi
D:8 1 runed translucent door
Lair:2 3 runed translucent doors, Metae's ghost, journeyman FoFi
Lair:3 2 transporters


Message History

Aiming: Sticky Flame (safe; 1% risk of failure)
Press: ? - help, Shift-Dir - straight line, f/p - manticore
Aim: a manticore (heavily wounded, 100% to hit)
The sticky flame hits the manticore.
The manticore is heavily wounded.
The manticore is covered in liquid flames!
The manticore burns!
A nearby fungus withers and dies.
The manticore bites you! The manticore claws you.
You block the manticore's attack.
The manticore burns!
The manticore flicks its tail.
The volley of spikes hits you!
The barbed spikes become lodged in your body.
The barbs in your skin will harm you if you move.
Continue?
Okay, then.
Casting: Sticky Flame (safe; 1% risk of failure)
Confirm with . or Enter, or press ? or * to list all spells.
Aiming: Sticky Flame (safe; 1% risk of failure)
Press: ? - help, Shift-Dir - straight line, f - komodo dragon, p - manticore
Aim: a komodo dragon (lightly wounded, 100% to hit)
The sticky flame hits the komodo dragon.
The komodo dragon is lightly wounded.
The komodo dragon is covered in liquid flames!
The manticore burns!
The komodo dragon burns!
The komodo dragon bites you but does no damage.
The manticore bites you! The manticore barely misses you.
The manticore closely misses you.
You completely miss the manticore.
The manticore is severely wounded.
You slash the komodo dragon!
Your +7 broad axe "Sin Myetid" {spect, Will+} hits the komodo dragon!!
Your +7 broad axe "Sin Myetid" {spect, Will+} hits the manticore!
The manticore burns!
You kill the manticore!
Kikubaaqudgha accepts your kill.
The komodo dragon burns! x2; The komodo dragon stops burning.
The komodo dragon bites you!!
* * * LOW HITPOINT WARNING * * *
The komodo dragon bites you!!
You die...
Kikubaaqudgha rasps: "You have failed me!
Welcome... death!"

#.≈≈≈≈.# ##.≈≈#≈.# ## #..≈##≈.#
#. #..≈#≈≈.# ### #.≈≈≈≈.# #..
#####k†....# #.. ...#..........#
#.. #... .......l......########..
........ ....#.#@(....#.......P..
...............8.#...............
...........##.....##.............
≈≈.P..... ##.......###..####.....
≈≈.#.....##.........##...##.#..#.
≈≈≈## #.#.............#.........#
≈≈≈.# #....#.....#...#..........
≈≈..# #...##..8..#..............
≈≈.#####...#..(...###............


You could see a wind drake (repels missiles), a komodo dragon and a friendly +7
broad axe "Sin Myetid" {spect, Will+} (summoned, wandering).

Vanquished Creatures
  7 hydras
  A two-headed ogre (D:10)
  5 death yaks (Lair:4)
  Pikel (D:5)
  A manticore (Lair:4)
  An oklob plant (Lair:4)
  An elephant (D:10)
  Joseph (D:9)
  A gargoyle (D:10)
  9 cane toads
  A rime drake (Lair:4)
  9 komodo dragons
  Psyche (D:8)
  A troll (D:10)
  A polar bear (Lair:2)
  2 hornets
  A queen bee (Lair:2)
  A meliai zombie (D:10)
  5 dream sheep (Lair:4)
  4 wyverns
  21 yaks
  Grum (D:8)
  2 basilisks (D:10)
  A steam dragon (D:8)
  2 nagas (Lair:3)
  3 vampire mosquitoes (D:8)
  21 water moccasins
  4 orc warriors
  A sky beast (D:6)
  3 black bears
  4 ice beasts
  8 wolves
  5 ogres
  4 lemures (D:5)
  2 phantoms
  A kobold brigand (D:8)
  12 bullfrogs
  A wyvern zombie (D:7)
  A scorpion (D:3)
  19 killer bees (Lair:2)
  A howler monkey (D:5)
  4 wights (D:10)
  5 electric eels (Lair:3)
  2 centaur zombies
  A bullfrog skeleton (D:4)
  2 jellies
  7 orc priests
  A centaur skeleton (D:7)
  A gnoll shaman (D:9)
  An iguana (D:5)
  8 orc wizards
  A killer bee zombie (D:8)
  A hound skeleton (D:4)
  9 adders
  5 gnolls (D:9)
  A howler monkey skeleton (D:5)
  A shadow imp (D:5)
  3 ufetubi
  2 worms (D:4)
  2 dart slugs (D:1)
  30 orcs
  4 endoplasms
  4 giant cockroaches
  6 goblins
  8 hobgoblins
  3 jackals (D:2)
  4 quokkas
  11 ball pythons
  8 bats
  3 frilled lizards
  11 kobolds
  7 rats
  6 bushes (Lair:4)
  A butterfly (D:7)
334 creatures vanquished.

Vanquished Creatures (collateral kills)
  A foxfire (Lair:2)
1 creature vanquished.

Vanquished Creatures (others)
  705 foxfires
  28 fungi
  56 plants
789 creatures vanquished.

Grand Total: 1124 creatures vanquished

Notes
Turn   | Place    | Note
-------+----------+-------------------------------------------
     0 | D:1      | raph the Deep Elf Fire Elementalist began the quest for the
                  | Orb.
     0 | D:1      | Reached XP level 1. HP: 10/10 MP: 6/6
   359 | D:1      | Reached XP level 2. HP: 15/15 MP: 6/8
   739 | D:1      | Found a faded altar of an unknown god.
   969 | D:1      | Reached XP level 3. HP: 19/19 MP: 4/9
   973 | D:1      | Learned a level 3 spell: Conjure Flame
  1283 | D:2      | Reached skill level 4 in Fire Magic
  1663 | D:2      | Reached XP level 4. HP: 24/24 MP: 6/11
  1670 | D:2      | Learned a level 4 spell: Sticky Flame
  1719 | D:2      | You fall into a shaft and drop 2 floors!
  1764 | D:4      | Noticed an ogre
  2071 | D:3      | Found Tisch's Distillery.
  2075 | D:3      | Bought a potion of brilliance for 56 gold pieces
  2089 | D:3      | Found Toret's Antique Weapon Shoppe.
  2927 | D:4      | Noticed a scorpion
  2943 | D:3      | Killed a scorpion
  2944 | D:3      | Reached XP level 5. HP: 7/28 MP: 2/12
  3111 | D:4      | Killed an ogre
  3112 | D:4      | Reached skill level 1 in Fighting
  3466 | D:4      | Reached XP level 6. HP: 34/34 MP: 9/14
  3560 | D:4      | Learned a level 5 spell: Fireball
  3717 | D:4      | Reached skill level 5 in Fire Magic
  4250 | D:5      | Entered Level 5 of the Dungeon
  4438 | D:5      | Found a transporter.
  4438 | D:5      | Noticed Millie's ghost (novice MiFi)
  4443 | D:5      | Found a transporter.
  4479 | D:5      | Reached XP level 7. HP: 38/38 MP: 7/15
  4563 | D:5      | Reached skill level 5 in Conjurations
  4563 | D:5      | Reached skill level 6 in Fire Magic
  4633 | D:5      | Found Noikk's CLEARANCE SALE! EVERYTHING MUST GO!.
  4656 | D:5      | Found a bloodstained altar of Trog.
  4862 | D:5      | Noticed Pikel
  5732 | D:5      | Killed Pikel
  5733 | D:5      | Reached skill level 7 in Fire Magic
  5733 | D:5      | Reached XP level 8. HP: 28/43 MP: 0/16
  6007 | D:6      | Reached skill level 8 in Fire Magic
  7001 | D:7      | Found a staircase to the Ecumenical Temple.
  7037 | D:6      | Reached skill level 9 in Fire Magic
  7180 | D:6      | Reached XP level 9. HP: 47/47 MP: 12/17
  7184 | D:6      | Learned a level 3 spell: Mephitic Cloud
  7265 | Temple   | Entered the Ecumenical Temple
  7532 | Temple   | Became a worshipper of Kikubaaqudgha
  7683 | D:7      | Identified the ring "Imap" {rC+ Int+6 SInv Stlth+}
  8138 | D:7      | Found Heesk's Antique Armour Emporium.
  8148 | D:7      | Bought a shiny buckler for 247 gold pieces
  8646 | D:8      | Reached skill level 1 in Shields
  8646 | D:8      | Reached skill level 5 in Spellcasting
  8886 | D:8      | Noticed Psyche
  8891 | D:8      | Killed Psyche
  8934 | D:8      | Noticed Grum
  8941 | D:8      | Reached skill level 5 in Stealth
  8944 | D:8      | Killed Grum
  8945 | D:8      | Reached skill level 5 in Dodging
  9108 | D:8      | Found a stormy altar of Qazlal.
  9114 | D:8      | Found a blossoming altar of Fedhas.
  9187 | D:8      | Found a runed translucent door.
  9189 | D:8      | Found a burning altar of Makhleb.
  9189 | D:8      | Noticed a sixfirhy
  9299 | D:8      | Reached XP level 10. HP: 54/54 MP: 9/20
 10087 | D:9      | Noticed Joseph
 10099 | D:9      | Reached * piety under Kikubaaqudgha
 10099 | D:9      | Received a gift from Kikubaaqudgha
 10115 | D:9      | Killed Joseph
 10116 | D:9      | Reached skill level 10 in Fire Magic
 10411 | D:9      | Learned a level 2 spell: Sublimation of Blood
 10415 | D:9      | Learned a level 3 spell: Vampiric Draining
 10920 | D:9      | Found a glowing silver altar of Zin.
 10954 | D:10     | Entered Level 10 of the Dungeon
 10972 | D:10     | Reached skill level 1 in Necromancy
 10974 | D:10     | Noticed a gargoyle
 11262 | D:10     | Found a staircase to the Orcish Mines.
 11265 | D:10     | Noticed a two-headed ogre
 11629 | D:10     | Noticed an elephant
 11793 | D:10     | Killed a two-headed ogre
 11916 | D:10     | Killed a gargoyle
 11917 | D:10     | Reached XP level 11. HP: 60/60 MP: 7/23
 12490 | D:10     | Found a staircase to the Lair.
 12614 | D:10     | Identified the +7 broad axe "Sin Myetid" {spect, Will+}
 12632 | D:10     | Found a hazy altar of Hepliaklqana.
 12975 | Lair:1   | Entered Level 1 of the Lair of Beasts
 13272 | Lair:1   | Reached ** piety under Kikubaaqudgha
 13279 | Lair:1   | Reached skill level 10 in Conjurations
 13572 | Lair:1   | Noticed a six-headed hydra
 13575 | Lair:1   | Killed a six-headed hydra
 13586 | Lair:1   | Noticed a seven-headed hydra
 13595 | Lair:1   | Killed a seven-headed hydra
 13740 | Lair:1   | Noticed a five-headed hydra
 14015 | Lair:1   | Killed a five-headed hydra
 14691 | Lair:2   | Reached skill level 11 in Fire Magic
 14695 | Lair:2   | Reached skill level 5 in Necromancy
 14947 | Lair:2   | Reached skill level 5 in Fighting
 15161 | Lair:2   | Found a snail-covered altar of Cheibriados.
 15199 | Lair:2   | Learned a level 5 spell: Bolt of Magma
 15201 | Lair:2   | Learned a level 1 spell: Animate Skeleton
 15231 | Lair:2   | Noticed a five-headed hydra
 15566 | Lair:2   | Found a runed translucent gate.
 15566 | Lair:2   | Found a runed translucent gate.
 15567 | Lair:2   | Found a runed translucent gate.
 15567 | Lair:2   | Noticed a ten-headed hydra
 15568 | Lair:2   | Noticed an 11-headed hydra
 15568 | Lair:2   | Noticed Metae's ghost (journeyman FoFi)
 15589 | Lair:2   | Killed a five-headed hydra
 15590 | Lair:2   | Reached XP level 12. HP: 68/68 MP: 10/27
 16588 | Lair:3   | Found a transporter.
 16747 | Lair:3   | Noticed a six-headed hydra
 16755 | Lair:3   | Killed a six-headed hydra
 17116 | Lair:3   | Found a transporter.
 17587 | Lair:3   | Reached *** piety under Kikubaaqudgha
 17587 | Lair:3   | Received a gift from Kikubaaqudgha
 17821 | Lair:3   | Noticed a six-headed hydra
 17827 | Lair:3   | Killed a six-headed hydra
 17828 | Lair:3   | Reached skill level 10 in Spellcasting
 18286 | Lair:3   | Found a staircase to the Snake Pit.
 19457 | Lair:4   | Noticed an eight-headed hydra
 19461 | Lair:4   | Killed an eight-headed hydra
 19722 | Lair:4   | Reached skill level 12 in Fire Magic
 19840 | Lair:4   | Noticed a death yak
 19841 | Lair:4   | Noticed a death yak
 19841 | Lair:4   | Noticed a death yak
 19841 | Lair:4   | Noticed a death yak
 19843 | Lair:4   | Noticed a death yak
 19884 | Lair:4   | Killed a death yak
 19885 | Lair:4   | Reached XP level 13. HP: 73/75 MP: 5/29
 19895 | Lair:4   | Reached skill level 1 in Earth Magic
 19999 | Lair:4   | Learned a level 5 spell: Borgnjor's Vile Clutch
 20170 | Lair:4   | Mangled by a komodo dragon

Illustrated notes

Levels and vault maps discovered:
D:1:      dpeg_arrival_lava_temple_mockup, layout_basic, basic_ecumenical_altar,
          serial_bayou_pond_e
D:2:      layout_rooms, minivault_11
D:3:      layout_basic, nicolae_overflow_hidden_temple, serial_shops,
          nicolae_shop_crystal, nicolae_diamond_shop
D:4:      layout_loops_cross, gup_sewer_entry_spiral, kennysheep_generic_room_12
D:5:      layout_basic, bloody_trog, gammafunk_ghost_arena,
          nicolae_shop_clearance, uniq_pikel
D:6:      layout_loops_ring
D:7:      layout_cave_pools, minmay_temple_entry_butterflies, serial_shops, shop
D:8:      layout_cave_pools, grunt_temple_overflow_forces_of_nature,
          nzn_makhleb_speed_demon, uniq_grum, uniq_psyche
D:9:      layout_roguey, zin_statuary, uniq_joseph
D:10:     layout_cave_pools, mainiacjoe_overflow_concentric_impassable,
          david_lair_generic, david_orc_2, david_defended_altar_orc
Temple:   eino_narrow_crystal_temple
Lair:1:   layout_layer_cave
Lair:2:   layout_roguey, special_room [special_room_bee],
          gammafunk_ghost_hydra_chop, basic_altar
Lair:3:   gammafunk_cloud_chamber, layout_regular_city,
          minmay_snake_entry_guardpost_small, serial_bayou,
          serial_bayou_shore_b, serial_bayou_shore_b, serial_bayou_pond_a,
          serial_bayou_shore_a
Lair:4:   layout_gridlike, minmay_shoals_entry_beasts, minmay_lair_oklob_bushes,
          grunt_megastairs_5, infiniplex_staircase_pool_2

Skill      XL: |  1  2  3  4  5  6  7  8  9 10 11 12 13 |
---------------+----------------------------------------+-----
Dodging        | 3 5 6 8 9 |  9.8
Stealth        | 3 5 6 7 |  7.3
Fire Magic     | 4 5 7 9 10 11 12 | 12.1
Conjurations   | 2 3 4 6 8 9 10 11 | 11.5
Spellcasting   | 4 5 7 9 10 | 10.7
Fighting       | 1 2 3 5 6 |  6.5
Shields        | 2 4 |  4.0
Necromancy     | 2 5 7 |  7.8
Earth Magic    | 2 |  2.1

Action                   |  1- 3 |  4- 6 |  7- 9 | 10-12 | 13-15 || total
-------------------------+-------+-------+-------+-------+-------++-------
Melee: Short sword       |    10 |     1 |       |       |       ||    11
       Unarmed           |     1 |       |       |       |       ||     1
       Dagger            |       |    14 |    32 |     7 |       ||    53
       Broad axe         |       |       |       |    56 |     7 ||    63
 Cast: Foxfire           |    69 |   106 |   129 |   110 |       ||   414
       Sticky Flame      |       |     3 |    19 |    46 |     4 ||    72
       Conjure Flame     |       |     1 |     6 |     8 |       ||    15
       Fireball          |       |       |    21 |   115 |     4 ||   140
       Mephitic Cloud    |       |       |       |     3 |       ||     3
       Bolt of Magma     |       |       |       |    28 |     4 ||    32
       Animate Skeleton  |       |       |       |     3 |       ||     3
  Use: Scroll            |       |     8 |     8 |     8 |       ||    24
       Potion            |       |     1 |       |       |     1 ||     2
 Stab: Sleeping          |       |     1 |     1 |     4 |       ||     6
       Distracted        |       |       |       |     1 |       ||     1
Armor: Robe              |    10 |     7 |    18 |    52 |     1 ||    88
       Leather armour    |       |     5 |       |       |       ||     5
Dodge: Dodged            |    25 |    21 |    27 |   115 |     4 ||   192
Block: Buckler           |       |       |     7 |    53 |     5 ||    65
